AoeStats
← gumpmaster

Lombardia

508560991Analyzed
3v3 RM · 8d ago on Sep 23, 2026· 62m 25s· 6 players
Game mode
Random Map
Map size
Normal (6 player)
Population
200
Speed
Normal
Resources
Standard
Victory
Conquest
Starting age
Dark Age
Ending age
Imperial Age
RankedLock teamsTeams togetherTeam positionsShared explorationLock speedFull tech treeHidden civsTurbo modeCheats
Victory
Defeat
🇨🇳 Franks · China
1057
+12
🇪🇸 Sicilians · Spain
1015
+15
🇺🇸 Danes · United States
1005
+14
🇺🇸 Saxons · United States
979
-13
🇺🇸 Wei · United States
971
-14
🇺🇸 Varangians · United States
970
-14
gumpmaster
8:09 Loom
10:41 Feudal Age
11:19 Double-Bit Axe
15:06 Gold Mining
16:24 Bloodlines
17:42 Horse Collar
22:49 Castle Age
21:56 Wheelbarrow
23:30 Forging
23:26 Scale Barding Armor
23:43 Bow Saw
24:19 Light Cavalry
25:00 Husbandry
28:03 Town Watch
34:50 Iron Casting
34:36 Chain Barding Armor
37:10 Imperial Age
39:36 Blast Furnace
38:29 Heavy Hei Guang Cavalry
42:56 Tuntian
43:19 Conscription
45:52 Fletching
46:25 Ballistics
47:06 Chemistry
46:03 Murder Holes
45:49 Treadmill Crane
49:48 Hussar
54:34 Bodkin Arrow
Richard
11:26 Feudal Age
15:26 Castle Age
13:27 Double-Bit Axe
13:26 Horse Collar
16:39 Bow Saw
16:34 Heavy Plow
22:42 Loom
23:36 Wheelbarrow
24:43 Fletching
25:46 Bodkin Arrow
25:54 Scale Mail Armor
26:24 Gold Mining
26:24 Stone Mining
28:25 Hand Cart
27:56 Town Watch
28:35 Chain Mail Armor
29:32 Squires
29:19 Gambesons
30:31 Forging
34:46 Imperial Age
32:17 Town Patrol
32:05 Pikeman
32:30 Arson
32:28 Treadmill Crane
33:09 Ballistics
33:01 Masonry
32:47 Murder Holes
33:02 Caravan
35:13 Iron Casting
34:59 Fortified Wall
34:41 Guard Tower
34:52 Elite Hearth Troop
35:00 Shield Wall
36:02 Conscription
36:19 Hoardings
36:18 Architecture
36:24 Plate Mail Armor
36:45 Siege Engineers
36:57 Guilds
40:12 Chemistry
39:47 Keep
38:58 Arrowslits
41:03 Two-Man Saw
40:10 Bracer
41:03 Crop Rotation
41:12 Gold Shaft Mining
40:44 Padded Archer Armor
45:22 Halberdier
47:02 Elite Varangian Guard
49:39 Coinage
Beck_1401
9:59 Loom
11:44 Feudal Age
13:13 Double-Bit Axe
16:04 Castle Age
14:10 Horse Collar
16:56 Wheelbarrow
18:52 Bow Saw
23:58 Light Cavalry
25:28 Forging
25:31 Bloodlines
25:22 Husbandry
26:05 Gold Mining
26:09 Stone Mining
27:47 Iron Casting
27:18 Scale Barding Armor
28:01 Stone Shaft Mining
33:05 Chain Barding Armor
35:20 Imperial Age
32:36 Town Watch
35:35 Hussar
37:16 Blast Furnace
36:52 Plate Barding Armor
36:40 Conscription
36:58 Cavalier
38:23 Caravan
38:34 Guilds
41:27 Fletching
43:02 Vendel Legacy
45:04 Bodkin Arrow
45:33 Ballistics
46:14 Chemistry
45:11 Murder Holes
45:27 Masonry
shabolobodingdong
11:13 Feudal Age
13:03 Horse Collar
13:10 Double-Bit Axe
17:46 Castle Age
16:38 Gold Mining
16:58 Stone Mining
18:05 Loom
21:51 Bow Saw
24:26 Heavy Plow
25:13 Loom
26:06 Wheelbarrow
27:16 Gold Shaft Mining
27:28 Squires
27:39 Arson
27:40 Gambesons
31:24 Imperial Age
32:44 Conscription
32:57 Hamask
34:33 Elite Jomsviking
35:44 Hand Cart
35:34 Scale Mail Armor
35:45 Forging
35:24 Town Watch
36:37 Chain Mail Armor
38:18 Iron Casting
39:45 Plate Mail Armor
39:51 Iron Casting
43:35 Blast Furnace
44:45 Elite Varangian Guard
45:17 Capped Ram
47:24 Siege Ram
54:10 Northmen's Fury
NathiousEsp
0:31 Loom
11:46 Feudal Age
13:43 Double-Bit Axe
16:51 Castle Age
18:28 Horse Collar
19:01 Bow Saw
26:49 Heavy Plow
30:16 Imperial Age
28:23 Wheelbarrow
27:37 Town Watch
28:33 Stone Mining
28:35 Gold Mining
29:12 Squires
28:58 Arson
30:02 Stone Shaft Mining
30:06 Gold Shaft Mining
29:11 Pikeman
31:02 Ballistics
30:38 Murder Holes
30:51 Scale Mail Armor
31:01 Forging
30:42 Fletching
30:56 Halberdier
32:34 Capped Ram
34:33 Crop Rotation
34:22 Hand Cart
34:13 Town Patrol
35:35 Conscription
35:43 Chain Mail Armor
36:03 Iron Casting
35:24 Bodkin Arrow
36:35 Chemistry
36:03 Elite Serjeant
38:15 First Crusade
38:30 Plate Mail Armor
39:00 Blast Furnace
37:52 Siege Ram
40:37 Blast Furnace
39:38 Bracer
41:27 Siege Engineers
41:08 Arrowslits
41:34 Masonry
44:31 Scale Barding Armor
46:44 Bloodlines
46:36 Husbandry
45:59 Cavalier
47:04 Chain Barding Armor
54:22 Plate Barding Armor
不会玩的别玩
10:37 Feudal Age
15:28 Castle Age
14:13 Double-Bit Axe
16:37 Bow Saw
22:55 Stone Mining
22:56 Gold Mining
25:01 Gold Shaft Mining
26:53 Wheelbarrow
27:25 Forging
27:15 Scale Mail Armor
27:21 Scale Barding Armor
27:16 Padded Archer Armor
27:07 Fletching
31:33 Imperial Age
29:22 Hand Cart
29:22 Husbandry
32:39 Iron Casting
32:19 Chain Mail Armor
32:25 Chain Barding Armor
32:39 Conscription
32:07 Cavalier
33:02 Town Watch
34:21 Blast Furnace
34:13 Hoardings
34:34 Paladin
36:16 Ballistics
35:39 Treadmill Crane
38:29 Chemistry
37:34 Siege Engineers
37:40 Masonry
38:04 Plate Mail Armor
38:53 Murder Holes
39:08 Fortified Wall
41:25 Architecture
45:26 Plate Barding Armor
44:47 Bodkin Arrow
45:08 Leather Archer Armor
47:43 Caravan
48:13 Coinage
55:52 Guard Tower
55:47 Arrowslits
57:03 Banking
Connection lost

Rejoining the realm…

Still unreachable

The connection could not be restored.

Session expired

The server has moved on; the page needs a fresh start.